AoeStats
← Vek Reversal

Black Forest

509677638Analyzed
3v3 RM · 4d ago on Sep 27, 2026· 70m 40s· 6 players
Game mode
Random Map
Map size
Normal (6 player)
Population
200
Speed
Normal
Resources
Standard
Victory
Conquest
Starting age
Dark Age
Ending age
Imperial Age
RankedLock teamsTeams togetherTeam positionsShared explorationLock speedFull tech treeHidden civsTurbo modeCheats
Victory
Defeat
🇬🇧 Romans · United Kingdom
1220
+13
🇬🇧 Teutons · United Kingdom
1218
+13
🇷🇺 Khmer · Russia
1070
+19
🇪🇸 Franks · Spain
1205
-17
🇵🇪 Malians · Peru
1142
-15
🇬🇧 Magyars · United Kingdom
1086
-13
AdamSvp21
1:17 Loom
13:07 Feudal Age
17:00 Castle Age
15:54 Double-Bit Axe
17:49 Fletching
26:59 Horse Collar
28:23 Town Watch
31:45 Imperial Age
32:10 Wheelbarrow
32:49 Ballistics
33:29 Chemistry
32:19 Fishing Lines
34:32 Murder Holes
35:37 Conscription
35:35 Bow Saw
37:43 Scale Barding Armor
38:13 Capped Ram
38:14 Onager
38:57 Scale Mail Armor
40:06 Forging
41:34 Iron Casting
44:50 Hand Cart
45:11 Gold Mining
45:26 Heavy Plow
46:38 Ballistics
46:00 Treadmill Crane
48:40 Chain Barding Armor
49:53 Bodkin Arrow
50:46 Hoardings
52:12 Masonry
53:31 Plate Barding Armor
54:45 Chain Mail Armor
54:09 Siege Onager
56:56 Plate Mail Armor
58:41 Elite Gbeto
63:36 Architecture
66:04 Fortified Wall
66:32 Coinage
StuRat
1:46 Loom
12:59 Feudal Age
14:53 Horse Collar
17:24 Castle Age
15:14 Double-Bit Axe
17:11 Stone Mining
18:09 Heavy Plow
18:23 Bow Saw
21:41 Scale Barding Armor
22:21 Fletching
22:52 Chain Barding Armor
22:30 Gold Mining
25:34 Wheelbarrow
30:20 Imperial Age
29:57 Masonry
32:32 Two-Man Saw
33:14 Corvinian Army
33:52 Elite Magyar Huszar
35:05 Hand Cart
34:36 Town Watch
36:33 Conscription
37:47 Chemistry
37:11 Recurve Bow
39:02 Bodkin Arrow
39:07 Padded Archer Armor
39:30 Ballistics
39:25 Heavy Cavalry Archer
40:12 Thumb Ring
40:32 Parthian Tactics
40:56 Bracer
41:43 Leather Archer Armor
41:40 Bloodlines
41:31 Husbandry
47:06 Ring Archer Armor
55:03 Siege Engineers
54:52 Light Cavalry
61:14 Plate Barding Armor
64:00 Elite Skirmisher
Olkem
4:16 Loom
11:34 Feudal Age
12:23 Double-Bit Axe
16:11 Castle Age
14:20 Gold Mining
15:52 Wheelbarrow
15:07 Fishing Lines
17:19 Bow Saw
17:46 Town Watch
18:01 Gillnets
22:38 Stone Mining
24:43 Gold Shaft Mining
25:13 Scale Barding Armor
25:43 Forging
27:15 Husbandry
27:48 Chain Barding Armor
28:21 Hand Cart
31:35 Imperial Age
30:02 Iron Casting
29:54 Squires
29:47 Fletching
31:50 Ballistics
31:27 Murder Holes
31:42 Masonry
31:50 Bodkin Arrow
32:10 Cavalier
33:34 Conscription
34:23 Scale Mail Armor
34:58 Architecture
34:30 Ordonnance Companies
38:10 Plate Barding Armor
37:51 Chain Mail Armor
37:45 Siege Engineers
43:32 Plate Mail Armor
44:02 Blast Furnace
49:16 Treadmill Crane
53:32 Light Cavalry
54:42 Capped Ram
55:17 Pikeman
56:25 Elite Skirmisher
58:30 Padded Archer Armor
58:46 Arson
58:34 Halberdier
58:59 Gambesons
68:07 Leather Archer Armor
andylo16
13:11 Feudal Age
14:28 Wheelbarrow
17:55 Castle Age
15:59 Double-Bit Axe
17:03 Horse Collar
21:59 Fishing Lines
29:43 Gold Mining
34:50 Caravan
38:54 Imperial Age
44:48 Heavy Scorpion
45:38 Siege Engineers
46:35 Chemistry
45:56 Ballistics
45:22 Capped Ram
45:31 Pikeman
46:12 Squires
46:33 Ballistas
45:59 Capped Ram
47:15 Siege Ram
Vek Reversal
0:25 Loom
11:51 Feudal Age
14:01 Wheelbarrow
16:33 Castle Age
15:25 Horse Collar
16:07 Double-Bit Axe
29:39 Imperial Age
29:02 Fishing Lines
29:26 Heavy Plow
29:42 Bow Saw
31:35 Chemistry
30:34 Pikeman
33:04 Forging
32:54 Scale Mail Armor
33:58 Halberdier
34:39 Squires
35:15 Iron Casting
34:56 Chain Mail Armor
35:11 Arson
36:07 Crop Rotation
37:48 Blast Furnace
39:52 Plate Mail Armor
42:08 Padded Archer Armor
41:59 Fletching
43:25 Leather Archer Armor
44:31 Elite Skirmisher
47:07 Ring Archer Armor
46:32 Bodkin Arrow
47:01 Ballistics
46:46 Siege Engineers
M0nero
0:28 Loom
14:39 Feudal Age
16:06 Double-Bit Axe
19:12 Castle Age
18:05 Stone Mining
29:25 Gold Mining
30:46 Horse Collar
37:43 Imperial Age
35:44 Fletching
35:45 Pikeman
39:21 Scale Mail Armor
41:41 Halberdier
51:11 Town Watch
55:43 Wheelbarrow
57:38 Ballistics
58:19 Chemistry
58:27 Scale Barding Armor
58:24 Padded Archer Armor
58:37 Forging
58:38 Bodkin Arrow
59:10 Town Watch
66:36 Husbandry
66:47 Bloodlines
65:59 Light Cavalry
68:32 Chain Mail Armor
68:53 Iron Casting
68:48 Chain Barding Armor
68:40 Hussar
68:47 Hussar
Connection lost

Rejoining the realm…

Still unreachable

The connection could not be restored.

Session expired

The server has moved on; the page needs a fresh start.